 Dungeon Crawl Stone Soup version 0.26.0-18-gc5c842f807 (webtiles) character file.

Game seed: 2285298028603459081

3815 zcampers the Cleaver (level 9, -2/82 HPs)
             Began as a Minotaur Berserker on Jan 23, 2021.
             Was a Priest of Trog.
             Slain by an orc warrior
             ... wielding a +0 flail
              (7 damage)
             ... on level 9 of the Dungeon on Jan 24, 2021.
             The game lasted 00:11:30 (6214 turns).

zcampers the Cleaver (Minotaur Berserker)           Turns: 6214, Time: 00:11:30

Health: -2/82      AC: 14    Str: 22    XL:     9   Next: 97%
Magic:  8/8        EV: 15    Int:  7    God:    Trog [***...]
Gold:   484        SH: 10    Dex: 10    Spells: 8/8 levels left

rFire    . . .     SeeInvis .   h - +0 war axe
rCold    . . .     Faith    .   j - +0 kite shield
rNeg     + . .     Spirit   .   f - +1 scale mail
rPois    .         Reflect  .   (helmet restricted)
rElec    .         Harm     .   (no cloak)
rCorr    .         Rampage  .   t - +2 pair of gloves
Will     +....                  (no boots)
Stlth    ..........             m - amulet of regeneration
HPRegen  0.63/turn              e - +4 ring of evasion
MPRegen  0.11/turn              p - ring of positive energy

@: berserk cooldown, slowed, very slow
A: retaliatory headbutt, horns 2, yellow scales 1, strong-willed 1
a: Renounce Religion, Berserk, Trog's Hand


You were on level 9 of the Dungeon.
You worshipped Trog.
Trog was most pleased with you.
You visited 1 branch of the dungeon, and saw 9 of its levels.

You collected 515 gold pieces.
You spent 31 gold pieces at shops.

Inventory:

Hand Weapons
 h - a +0 war axe (weapon)
Missiles
 x - 10 boomerangs (quivered)
Armour
 f - a +1 scale mail (worn)
 j - a +0 kite shield (worn)
 t - a +2 pair of gloves (worn)
Jewellery
 a - an uncursed amulet of reflection {unknown}
 e - a +4 ring of evasion (left hand)
 m - an amulet of regeneration (around neck)
 n - an uncursed ring of ice
 p - a ring of positive energy (right hand)
 u - an uncursed ring of see invisible
 v - an uncursed ring of fire {unknown}
Wands
 b - a wand of random effects (29)
 q - a wand of polymorph (7)
Scrolls
 c - 8 scrolls of remove curse
 g - 6 scrolls of identify
 i - 3 scrolls of teleportation
 k - a scroll of enchant weapon
 l - a scroll of silence
 o - 2 scrolls of enchant armour
 r - a scroll of magic mapping
Potions
 d - 2 potions of flight
 s - a potion of ambrosia {unknown}
 w - a potion of curing


   Skills:
 + Level 8.6 Fighting
 + Level 8.6 Axes
 + Level 8.1 Armour
 + Level 7.5 Dodging
 + Level 7.0 Shields


You had 8 spell levels left.
You didn't know any spells.
Your spell library was empty.

Dungeon Overview and Level Annotations

Branches:
Dungeon (9/15)             Temple (0/1) D:6
   Lair: D:8-11         Orc: D:9-12

Altars:
Fedhas
Hepliaklqana
Kikubaaqudgha
Okawaru
Trog
Vehumet
Xom
Yredelemnul
The Shining One

Shops:
D:5 *   D:7 (   D:9 *


Innate Abilities, Weirdness & Mutations

You reflexively headbutt those who attack you in melee.
You have a pair of horns on your head.
You are partially covered in yellow scales. (AC +2)
You are strong-willed. (Will+)


Message History

You slash the orc warrior! You closely miss the orc warrior.
You block the orc warrior's attack.
The orc warrior hits you with a +0 flail!
* * * LOW HITPOINT WARNING * * *
The orc warrior completely misses you.
The orc warrior hits you with a +0 battleaxe!
* * * LOW HITPOINT WARNING * * *
The orc warrior completely misses you.
The orc priest begins to cast a cantrip, but forgets the words!
You closely miss the orc warrior.
The orc warrior is severely wounded.
Your shield and scale mail prevent you from hitting the orc warrior.
You hit the orc warrior but do no damage. x2
You completely miss the orc warrior.
You hit the orc warrior but do no damage.
The orc warrior hits you with a +0 short sword.
* * * LOW HITPOINT WARNING * * *
You block the orc warrior's attack.
The orc warrior hits you with a +0 flail!
You die...

.......#.#.......####
.......'.#.......>..#
.......######.#######
+####### #.####
#....# ####.# #.#
######o##


#.oooo@o# #..ooooo# .'..ooooo# ##..oooo$+ #.......# #.....[.# ##+###### You
could see 6 orc warriors, an orc priest and 13 orcs.

Vanquished Creatures
  Grinder (D:6)
  5 yaks (D:9)
  Edmund (D:6)
  Menkaure (D:6)
  2 orc warriors
  An ice beast (D:5)
  5 ogres
  3 centaurs
  4 bullfrogs
  2 scorpions
  3 howler monkeys
  A bullfrog zombie (D:7)
  4 hounds
  2 orc priests
  2 bullfrog skeletons (D:9)
  A gnoll shaman (D:5)
  A jelly (D:5)
  3 iguanas
  Natasha (thrice) (D:2)
  9 orc wizards
  8 worker ants
  A hound skeleton (D:8)
  A worker ant zombie (D:5)
  3 gnolls (D:5)
  15 adders
  2 ufetubi (D:8)
  An ooze (D:2)
  2 worms
  2 dart slugs
  A leopard gecko (D:8)
  26 orcs
  A ball python (D:4)
  7 giant cockroaches
  6 goblins
  5 hobgoblins
  13 jackals
  6 kobolds
  2 quokkas (D:7)
  4 bats
  4 frilled lizards
  A jackal skeleton (D:4)
  A leopard gecko skeleton (D:4)
  A quokka skeleton (D:8)
  8 rats
175 creatures vanquished.

Vanquished Creatures (others)
  An orc wizard (D:4)
1 creature vanquished.

Grand Total: 176 creatures vanquished

Notes
Turn   | Place    | Note
-------+----------+-------------------------------------------
     0 | D:1      | zcampers the Minotaur Berserker began the quest for the
                  | Orb.
     0 | D:1      | Reached XP level 1. HP: 19/19 MP: 0/0
   144 | D:1      | Reached XP level 2. HP: 27/27 MP: 1/1
   823 | D:1      | Lost intelligence.
   873 | D:2      | Found a shimmering altar of Xom.
   891 | D:2      | Reached XP level 3. HP: 33/33 MP: 2/2
   956 | D:2      | Reached ** piety under Trog
  1137 | D:2      | Noticed Natasha
  1146 | D:2      | Killed Natasha
  1147 | D:2      | Reached XP level 4. HP: 30/41 MP: 3/3
  1385 | D:2      | Noticed Natasha
  1405 | D:2      | Killed Natasha
  1533 | D:2      | Noticed Natasha
  1539 | D:2      | Killed Natasha
  1540 | D:2      | Reached XP level 5. HP: 34/47 MP: 4/4
  1584 | D:2      | Gained mutation: You are strong-willed. (Will+) [potion of
                  | mutation]
  1584 | D:2      | Gained mutation: You are partially covered in yellow
                  | scales. (AC +2) [potion of mutation]
  2341 | D:3      | Found a blossoming altar of Fedhas.
  2376 | D:3      | Found a faded altar of an unknown god.
  2376 | D:3      | Found an ancient bone altar of Kikubaaqudgha.
  2383 | D:3      | Found a bloodstained altar of Trog.
  2385 | D:3      | Found a basalt altar of Yredelemnul.
  2386 | D:3      | Found a faded altar of an unknown god.
  2500 | D:4      | Noticed a centaur
  2662 | D:4      | Reached skill level 5 in Fighting
  2662 | D:4      | Reached skill level 1 in Shields
  2665 | D:4      | Killed a centaur
  2666 | D:4      | Reached skill level 5 in Axes
  2666 | D:4      | Reached XP level 6. HP: 56/56 MP: 5/5
  3096 | D:4      | Reached *** piety under Trog
  3097 | D:4      | Reached XP level 7. HP: 61/61 MP: 6/6
  3321 | D:5      | Entered Level 5 of the Dungeon
  3358 | D:5      | Reached skill level 5 in Armour
  3474 | D:5      | Found Econ's Assorted Antiques.
  3487 | D:5      | Bought a scroll labelled PEVAEGRIOD for 31 gold pieces
  3546 | D:5      | Reached skill level 5 in Dodging
  3598 | D:5      | Got a steaming ring mail
  3600 | D:5      | Identified the cursed +0 ring mail of the Tick {Harm Int+6}
                  | (You found it on level 5 of the Dungeon)
  3906 | D:5      | Found a bloodstained altar of Trog.
  4077 | D:6      | Reached XP level 8. HP: 55/70 MP: 7/7
  4142 | D:6      | Noticed Edmund
  4162 | D:6      | Killed Edmund
  4222 | D:6      | Noticed Grinder
  4230 | D:6      | Killed Grinder
  4447 | D:6      | Found a staircase to the Ecumenical Temple.
  4543 | D:6      | Reached skill level 5 in Shields
  4567 | D:6      | Noticed Menkaure
  4573 | D:6      | Killed Menkaure
  4816 | D:7      | Found Ludub's Antique Weapon Emporium.
  4898 | D:7      | Reached XP level 9. HP: 75/79 MP: 8/8
  5037 | D:7      | Found a glowing golden altar of the Shining One.
  5743 | D:8      | Found a radiant altar of Vehumet.
  5897 | D:8      | Found an iron altar of Okawaru.
  5933 | D:8      | Found a hazy altar of Hepliaklqana.
  6136 | D:9      | Found Daff's General Store.
  6214 | D:9      | Slain by an orc warrior

Illustrated notes

Levels and vault maps discovered:
D:1:      saegor_arrival_simple_e, layout_loops_ring, minivault_27,
          minmay_misc_feat_pillars, kennysheep_crisscross,
          amcnicky_mini_pool_small
D:2:      layout_loops_cross, xom_butterflies, minmay_misc_feat_rows,
          uniq_natasha
D:3:      lemuel_upstairs_altar, layout_basic,
          chequers_temple_overflow_minitemple, overflow_temple_1_default
D:4:      layout_rooms
D:5:      layout_basic, serial_shops, kennysheep_mini, trog_book
D:6:      layout_gridville, temple_statues, uniq_menkaure, uniq_edmund,
          uniq_grinder
D:7:      layout_loops_ring, lemuel_round_altar, serial_shops, shop,
          chequers_serial_rivers_large_b, grunt_ministairs_5, grunt_decor_cap,
          minmay_diced_spiral
D:8:      layout_rooms, old_standard_altar, vehumet_crystals, basic_altar
D:9:      layout_roguey [special_room_orc], pdpol_wu_jian_five_deadly_venoms,
          erik_orc_1, serial_shops, shop

Skill      XL: |  1  2  3  4  5  6  7  8  9 |
---------------+----------------------------+-----
Axes           | 4 5 6 7 8 |  8.6
Fighting       | 4 5 6 7 8 |  8.6
Armour         | 3 4 5 6 8 |  8.1
Dodging        | 3 4 5 6 7 |  7.5
Shields        | 1 2 3 5 7 |  7.0

Action                   |  1- 3 |  4- 6 |  7- 9 || total
-------------------------+-------+-------+-------++-------
Melee: Hand axe          |    60 |   106 |    58 ||   224
       Headbutt          |     8 |    14 |    47 ||    69
       War axe           |       |       |   216 ||   216
Invok: Trog's Hand       |       |     5 |    11 ||    16
       Berserk           |       |     3 |     5 ||     8
  Use: Scroll            |     2 |     3 |     9 ||    14
       Potion            |       |     7 |     3 ||    10
Armor: Animal skin       |     3 |       |       ||     3
       Scale mail        |    34 |    37 |    90 ||   161
Dodge: Dodged            |    52 |    64 |   191 ||   307
Block: Kite shield       |       |    26 |   157 ||   183
